 Dungeon Crawl Stone Soup version 0.30-a0-718-geaa24f58ff (webtiles) character file.

Game seed: 13924026695233280438

2457 bmack86 the Cleaver (level 9, 0/78 HPs)
             Began as a Minotaur Fighter on Jan 26, 2023.
             Was a Priest of Okawaru.
             Killed from afar by a gargoyle (18 damage)
             ... with a stone arrow
             ... in a bailey.
             The game lasted 00:16:12 (6134 turns).

bmack86 the Cleaver (Minotaur Fighter)              Turns: 6134, Time: 00:16:13

Health: 0/78       AC: 18    Str: 25    XL:     9   Next: 26%
Magic:  9/11       EV: 10    Int:  5    God:    Okawaru [***...]
Gold:   300        SH:  6    Dex: 10    Spells: 8/8 levels left

rFire   . . .      SeeInvis .    a - +0 war axe (freeze)
rCold   . . .      Faith    .    c - +0 buckler
rNeg    . . .      Spirit   .    q - +3 chain mail {rPois}
rPois   +          Reflect  .    (helmet restricted)
rElec   .          Harm     .    p - +0 cloak
rCorr   .          Rampage  .    (no gloves)
Will    .....                    h - +0 pair of boots Stlth
                                 (no amulet)
HPRegen 0.33/turn                (no ring)
MPRegen 0.12/turn                (no ring)

@: heroic
A: horns 2, retaliatory headbutt
a: Renounce Religion, Heroism


You were in a bailey.
You worshipped Okawaru.
Okawaru was most pleased with you.
You visited 1 branch of the dungeon, and saw 7 of its levels.
You also visited: Sewer and Bailey.

You collected 300 gold pieces.

Inventory:

Hand Weapons
 a - a +0 war axe of freezing (weapon)
 G - a +3 war axe
Missiles
 b - 12 boomerangs (quivered)
 f - 19 poisoned darts
Armour
 c - a +0 buckler (worn)
 h - a +0 pair of boots (worn)
 i - a +0 plate armour
 p - a +0 cloak (worn)
 q - a +3 chain mail of poison resistance (worn)
Jewellery
 x - a +5 ring of evasion
Wands
 w - a wand of digging (4)
 y - a wand of charming (8)
 A - a wand of polymorph (19)
 D - a wand of roots (3)
Scrolls
 g - 2 scrolls of immolation
 k - 6 scrolls of vulnerability
 r - a scroll of teleportation
 t - a scroll of fear
 B - a scroll of amnesia
 E - a scroll of enchant weapon {unknown}
Potions
 d - 4 potions of might
 e - a potion of resistance
 j - a potion of mutation
 l - 2 potions of flight
 m - 2 potions of magic
 n - 6 potions of heal wounds
 o - a potion of berserk rage {unknown}
 s - a potion of haste {unknown}
 u - 3 potions of attraction {unknown}
 v - 4 potions of curing
 z - a potion of ambrosia {unknown}
 C - 2 potions of invisibility {unknown}
 F - a potion of degeneration {unknown}


   Skills:
 + Level 6.7(11.7) Fighting
 * Level 8.5(13.5) Axes
 + Level 4.2(9.2) Throwing
 + Level 6.9(11.9) Armour
 + Level 6.9(11.9) Shields
 + Level 4.0 Invocations


You had 8 spell levels left.
You didn't know any spells.
Your spell library contained the following spells:

 Spells                   Type           Power      Damage    Failure   Level
 Beastly Appendage        Tmut           0%         N/A       96%         1
 Freeze                   Ice            0%         1d3       96%         1
 Shock                    Conj/Air       0%         1d3       96%         1
 Wereblood                Tmut           0%         N/A       99%         2
 Frozen Ramparts          Ice            0%         1d1       100%        3
 Hailstorm                Conj/Ice       0%         3d3       100%        3
 Spider Form              Tmut/Pois      0%         N/A       100%        3
 Swiftness                Air            0%         N/A       100%        3
 Airstrike                Air            0%         2d(0-16)  100%        4


Dungeon Overview and Level Annotations

Branches:
Dungeon (7/15)             Temple (0/1) D:7           Sewer (visited)
 Bailey (1/1)

Altars:
Fedhas
Gozag
Okawaru
Qazlal
Trog
Vehumet
Wu Jian
The Shining One

Shops:
D:3 !   D:5 :


Innate Abilities, Weirdness & Mutations

You have a pair of horns on your head.
You reflexively headbutt those who attack you in melee.


Message History

The orc warrior zombie hits you but does no damage.
You see here a +0 spear.
The orc warrior zombie hits you but does no damage.
You see here a +0 spear.
You slice the orc warrior zombie!!
The orc warrior zombie is almost destroyed.
You block the orc warrior zombie's attack.
You slash the orc warrior zombie!
You destroy the orc warrior zombie!
Okawaru accepts your kill.
You start resting.
HP restored.
A gargoyle comes into view. It is wielding a +2 heavy morningstar.
You completely miss the gargoyle.
The gargoyle hits you with a +2 heavy morningstar.
You gain the combat prowess of a mighty hero.
You hit the gargoyle. You freeze the gargoyle.
The gargoyle is moderately damaged.
The gargoyle hurls a stone arrow at you.
The stone arrow hits you!
You hit the gargoyle but do no damage.
The gargoyle is moderately damaged.
The gargoyle hits you with a +2 heavy morningstar!!
You hit the gargoyle but do no damage.
The gargoyle is moderately damaged.
You hit the gargoyle. You freeze the gargoyle.
The gargoyle is moderately damaged.
You block the gargoyle's attack.
You hit the gargoyle but do no damage.
You headbutt the gargoyle, but do no damage.
The gargoyle is moderately damaged.
The gargoyle hits you with a +2 heavy morningstar!!
* * * LOW HITPOINT WARNING * * *
You hit the gargoyle. You freeze the gargoyle.
The gargoyle is heavily damaged.
You hit the gargoyle but do no damage. You headbutt the gargoyle!
The gargoyle is severely damaged.
The gargoyle hurls a stone arrow at you.
The stone arrow hits you!!
You die...

+..#.. ....##+#
+..#..♣ ♣♣.....
#..#...♣♣......
##..#......♣....
##...#...........
###....##...))..♣♣.
#8......##...♣).♣..
#...##...##...♣..♣.
#.@##))).#.....♣...
#.9#....##.........
#..#...##..........
#..#......######...
#..#......# ...
#.8#8.....# ..
########++# .


You could see a gargoyle.

Vanquished Creatures
  Pikel (D:4)
  The ghost of tio the Poker, an amateur DsWn (D:4)
  A steam dragon (D:6)
  Edmund (D:4)
  Duvessa (D:4)
  A sky beast (D:7)
  An ice beast (D:6)
  A centaur (D:6)
  2 lemures (D:4)
  A necrophage (D:5)
  A bullfrog (D:6)
  3 scorpions
  Dowan (D:4)
  2 bullfrog zombies (D:4)
  5 jellies
  2 orc priests (D:6)
  Crazy Yiuf (D:4)
  Natasha (twice) (D:3)
  3 iguanas
  An orc wizard (D:6)
  Terence (D:2)
  A killer bee zombie (D:4)
  Robin (D:2)
  8 adders
  4 gnolls
  A river rat (Sewer)
  2 shadow imps (D:6)
  2 white imps
  3 worms
  A dart slug (D:5)
  12 orcs
  11 bats
  14 endoplasms
  5 giant cockroaches
  18 goblins
  14 hobgoblins
  6 jackals (D:4)
  4 quokkas
  7 ball pythons
  8 frilled lizards
  3 kobolds
  6 orc zombies (Bailey)
  14 rats
178 creatures vanquished.

Notes
Turn   | Place    | Note
-------+----------+-------------------------------------------
     0 | D:1      | bmack86 the Minotaur Fighter began the quest for the Orb.
     0 | D:1      | Reached XP level 1. HP: 19/19 MP: 0/0
   132 | D:1      | Reached XP level 2. HP: 19/27 MP: 1/1
   134 | D:1      | Reached skill level 3 in Axes
   233 | D:1      | Reached XP level 3. HP: 29/33 MP: 2/2
   584 | D:2      | Found an opulent altar of Gozag.
   667 | D:2      | Noticed Robin
   673 | D:2      | Reached XP level 4. HP: 28/40 MP: 3/3
   673 | D:2      | Killed Robin
   678 | D:2      | Reached skill level 4 in Axes
   938 | D:2      | Noticed Terence
   943 | D:2      | Killed Terence
  1138 | D:3      | Reached skill level 1 in Throwing
  1138 | D:3      | Reached XP level 5. HP: 47/47 MP: 4/4
  1154 | D:3      | Found a blossoming altar of Fedhas.
  1408 | D:3      | Found Kodewn's Distillery.
  1419 | D:3      | Found an iron altar of Okawaru.
  1430 | D:3      | Noticed Natasha
  1432 | D:3      | Became a worshipper of Warmaster Okawaru
  1442 | D:3      | Killed Natasha
  1699 | D:3      | Found a radiant altar of Vehumet.
  2048 | D:3      | Noticed Natasha
  2056 | D:3      | Killed Natasha
  2345 | D:4      | Found a runed translucent door.
  2346 | D:4      | Noticed Crazy Yiuf
  2417 | D:4      | Found a runed translucent gate.
  2417 | D:4      | Found a runed translucent gate.
  2417 | D:4      | Found a runed translucent gate.
  2423 | D:4      | Noticed tio's ghost (amateur DsWn)
  2601 | D:4      | Noticed Dowan
  2602 | D:4      | Noticed Duvessa
  2608 | D:4      | Killed Dowan
  2609 | D:4      | Reached XP level 6. HP: 38/53 MP: 5/5
  2615 | D:4      | Killed Duvessa
  2616 | D:4      | Reached skill level 5 in Axes
  2616 | D:4      | Reached skill level 1 in Invocations
  2859 | D:4      | Noticed Pikel
  2878 | D:4      | Killed Pikel
  2878 | D:4      | Reached * piety under Okawaru
  2879 | D:4      | Reached skill level 5 in Fighting
  2879 | D:4      | Reached skill level 6 in Axes
  2879 | D:4      | Reached skill level 5 in Armour
  2879 | D:4      | Reached skill level 5 in Shields
  2879 | D:4      | Reached XP level 7. HP: 4/61 MP: 5/7
  3176 | D:4      | Noticed Edmund
  3191 | D:4      | Killed Edmund
  3191 | D:4      | Reached ** piety under Okawaru
  3359 | D:4      | Found a glowing golden altar of the Shining One.
  3405 | D:4      | Found a bloodstained altar of Trog.
  3453 | D:4      | Reached XP level 8. HP: 69/69 MP: 8/8
  3707 | D:4      | Killed tio's ghost
  3708 | D:4      | Reached skill level 7 in Axes
  3824 | D:4      | Killed Crazy Yiuf
  3879 | D:5      | Entered Level 5 of the Dungeon
  3927 | D:5      | Found Cophyocw's Vocational Training.
  4072 | D:5      | Found a glowing drain.
  4089 | Sewer    | Entered a sewer
  4308 | Sewer    | Found a viscous altar of Jiyva.
  4865 | D:6      | Reached *** piety under Okawaru
  5003 | D:6      | Reached skill level 8 in Axes
  5003 | D:6      | Reached XP level 9. HP: 55/78 MP: 10/10
  5792 | D:7      | Found an ornate altar of the Wu Jian Council.
  5792 | D:7      | Found a stormy altar of Qazlal.
  5883 | D:7      | Found a staircase to the Ecumenical Temple.
  5986 | D:7      | Found a flagged portal.
  6013 | Bailey   | Entered a bailey
  6122 | Bailey   | Noticed a gargoyle
  6134 | Bailey   | Killed from afar by a gargoyle

Illustrated notes

Levels and vault maps discovered:
D:1:      saegor_arrival_simple_b, layout_rooms
D:2:      layout_basic, basic_altar, uniq_terence, uniq_robin
D:3:      layout_loops_corners, mainiacjoe_overflow_24_doors,
          mainiacjoe_overflow_boulevard, lemuel_crystal_altar, serial_shops,
          shop, kennysheep_generic_room_5, uniq_natasha
D:4:      layout_loops_corners, mainiacjoe_overflow_two_lobes,
          gammafunk_ghost_necromancy, kennysheep_generic_room_11, uniq_edmund,
          uniq_crazy_yiuf_cottage, uniq_duvessa, uniq_pikel
D:5:      minmay_polygon_palace, layout_rooms, portal_sewer_entry_b,
          nicolae_shop_vocational
D:6:      layout_loops_corners
D:7:      layout_loops_ring, nicolae_overflow_two_pavilions,
          minmay_temple_entry_glassed_door, enter_bailey_5
Bailey:   bailey_polearm_vampire_castle_hellmonk, bailey

Skill      XL: |  1  2  3  4  5  6  7  8  9 |
---------------+----------------------------+-----
Axes           | 3 4 6 8 |  8.5
Shields        | 4 5 6 |  6.9
Armour         | 4 5 6 |  6.9
Fighting       | 4 5 6 |  6.7
Throwing       | 1 2 3 4 |  4.2
Invocations    | 2 3 4 |  4.0

Action                     |  1- 3 |  4- 6 |  7- 9 || total
---------------------------+-------+-------+-------++-------
  Melee: War axe           |    62 |   126 |   210 ||   398
         Headbutt          |     6 |    21 |    29 ||    56
  Throw: Boomerang         |       |       |     2 ||     2
 Invoke: Heroism           |       |       |     2 ||     2
    Use: Scroll            |     2 |    11 |     5 ||    18
 Armour: Chain mail        |    62 |    74 |   137 ||   273
         Scale mail        |     1 |       |       ||     1
  Dodge: Dodged            |    51 |    45 |    81 ||   177
  Block: Buckler           |    21 |    24 |    54 ||    99

Table legend: (Time is in decaauts)
 A = Elapsed time spent in this place.
 B = Non-inter-level travel time spent in this place.
 C = Inter-level travel time spent in this place.
 D = Time resting spent in this place.
 E = Time spent auto-exploring this place.
 F = Levels seen in this place.
 G = Mean time per level.
                   A        B        C        D        E       F      G
               +--------+--------+--------+--------+--------+-----+--------+
         Total |   6267 |   6140 |    127 |    306 |   3587 |   9 |  696.3 |
       Dungeon |   5806 |   5679 |    127 |    268 |   3468 |   7 |  829.4 |
         Sewer |    338 |    338 |      0 |      0 |    119 |   1 |  338.0 |
        Bailey |    122 |    122 |      0 |     38 |      0 |   1 |  122.0 |
               +--------+--------+--------+--------+--------+-----+--------+

Top non-repeatable levels by time:
     D:4: 1629 daAuts
     D:6: 1213 daAuts
     D:3: 1171 daAuts
     D:2: 585 daAuts
     D:1: 565 daAuts
     D:5: 342 daAuts
   Sewer: 338 daAuts
     D:7: 297 daAuts
  Bailey: 122 daAuts
